 Dungeon Crawl Stone Soup version 0.29.1-2-gbd0b4ee654 (webtiles) character file.

Game seed: 8761013469129172146

56 Icepheonix32 the Ruffian (level 3, -2/28 HPs)
             Began as a Demigod Transmuter on Nov 4, 2022.
             Slain by a gnoll
             ... wielding a +0 spear
              (5 damage)
             ... on level 2 of the Dungeon.
             The game lasted 00:03:52 (2149 turns).

Icepheonix32 the Ruffian (Demigod Transmuter)       Turns: 2149, Time: 00:03:52

Health: -2/28      AC:  3    Str: 15    XL:     3   Next: 47%
Magic:  8/8        EV:  6    Int: 20    God:
Gold:   81         SH:  0    Dex: 14    Spells: 5/6 levels left

rFire   . . .      SeeInvis .   h - +4 dagger "Morg" {pain, Will+ Int+5}
rCold   . . .      Faith    .   (no shield)
rNeg    . . .      Spirit   .   a - +0 robe
rPois   +          Reflect  .   (no helmet)
rElec   .          Harm     .   j - +0 cloak
rCorr   .          Rampage  .   (no gloves)
Will    +....                   (no boots)
Stlth   +.........              (no amulet)
HPRegen 0.09/turn               e - ring of poison resistance
MPRegen 0.11/turn               (no ring)

@: held
A: high MP 1, forlorn, divine attributes
a: no special abilities


You were on level 2 of the Dungeon.
You visited 1 branch of the dungeon, and saw 2 of its levels.

You collected 81 gold pieces.

Inventory:

Hand Weapons
 h - the +4 dagger "Morg" (weapon) {pain, Will+ Int+5}
   (You found it on level 2 of the Dungeon)

   In the hands of one skilled in necromantic magic, it inflicts extra damage on
   living creatures.
   Int:       It affects your intelligence (+5).
   Will:      It increases your willpower.
Armour
 a - a +0 robe (worn)
 j - a +0 cloak (worn)
Jewellery
 e - a ring of poison resistance (left hand)
Scrolls
 c - a scroll of fog {unknown}
 d - 3 scrolls of identify {unknown}
 g - a scroll of amnesia {unknown}
 i - 2 scrolls of blinking {unknown}
Potions
 b - a potion of lignification
 f - a potion of might {unknown}
 k - a potion of experience {unknown}


   Skills:
 + Level 1.0 Fighting
 + Level 0.2 Short Blades
 + Level 2.0 Dodging
 + Level 0.1 Stealth
 * Level 3.3 Unarmed Combat
 + Level 2.0 Spellcasting
 * Level 2.5 Transmutations


You had 5 spell levels left.
You knew the following spells:

 Your Spells              Type           Power      Damage    Failure   Level
a - Beastly Appendage     Tmut           24%        N/A       5%          1

Your spell library contained the following spells:

 Spells                   Type           Power      Damage    Failure   Level
 Wereblood                Tmut           12%        N/A       9%          2
 Apportation              Tloc           4%         N/A       16%         1
 Spider Form              Tmut/Pois      7%         N/A       28%         3
 Ice Form                 Ice/Tmut       7%         N/A       67%         4
 Alistair's Intoxication  Tmut/Pois      4%         N/A       95%         5


Dungeon Overview and Level Annotations

Branches:
Dungeon (2/15)

Shops:
D:1 :


Innate Abilities, Weirdness & Mutations

You have an increased reservoir of magic. (+10% MP)
You shall have no god before yourself.
Your divine heritage dramatically boosts your attributes as you level up.


Message History

You climb downwards.
Found 4 large rocks and 4 gold pieces.
There is a stone staircase leading up here.
k - a metallic yellow potion You now have 81 gold pieces (gained 5).
There is a stone staircase leading up here.
Casting: Beastly Appendage (safe; 6% risk of failure)
Confirm with . or Enter, or press ? or * to list all spells.
You grow a pair of large bovine horns.
Your feet morph into talons.
The gnoll shouts!
The gnoll hits you with a +0 whip.
The ball python hisses angrily.
You hit the gnoll.
The gnoll is lightly wounded.
The gnoll closely misses you.
You hit the gnoll. You claw the gnoll. You headbutt the gnoll.
The gnoll is almost dead.
Your transformation is almost over.
The gnoll hits you with a +0 whip.
Unknown command.
You hit the gnoll.
You kill the gnoll!
Your Fighting skill increases to level 1!
There is a stone staircase leading up here.
You closely miss the ball python. Your kick misses the ball python.
The ball python bites you but does no damage.
The ball python grabs you. The ball python constricts you.
You hit the ball python.
You kill the ball python!
The gnoll hits you with a +0 flail!
The gnoll throws a throwing net.
The throwing net hits you.
You become entangled in the net!
You stop ascending the stairs.
You are too injured to fight recklessly!
You struggle against the net.
The gnoll hits you from afar with a +0 spear!
* * * LOW HITPOINT WARNING * * *
You struggle against the net.
Your horns disappear.
Your talons disappear.
The gnoll hits you from afar with a +0 spear.
You die...

########### ..$.#...(.##
...........##
............#
...............#
.......>..g....####
..........@.g........
......................#
..............g.......#
#.............#.......# #
#......$....##.......# ##.
.###.#######.......##...
#.#######.......#....
#.###.g##.........)...###
.....................#...#


You could see 3 gnolls.

Vanquished Creatures
  2 gnolls
  An adder (D:2)
  4 endoplasms
  2 hobgoblins
  3 kobolds
  3 ball pythons
  2 bats (D:1)
  4 frilled lizards (D:1)
  4 goblins
  6 rats (D:1)
31 creatures vanquished.

Vanquished Creatures (others)
  2 plants (D:1)
2 creatures vanquished.

Grand Total: 33 creatures vanquished

Notes
Turn   | Place    | Note
-------+----------+-------------------------------------------
     0 | D:1      | Icepheonix32 the Demigod Transmuter began the quest for the
                  | Orb.
     0 | D:1      | Reached XP level 1. HP: 15/15 MP: 5/5
   149 | D:1      | Found Esajor's Book Shop.
   500 | D:1      | You fall into a shaft and drop 1 floor!
   515 | D:2      | Reached skill level 3 in Unarmed Combat
   581 | D:2      | Found the +4 dagger "Morg" {pain, Will+ Int+5}
   706 | D:1      | Reached XP level 2. HP: 21/22 MP: 5/7
  1735 | D:2      | Reached XP level 3. HP: 26/27 MP: 8/8
  2141 | D:2      | Reached skill level 1 in Fighting
  2149 | D:2      | Slain by a gnoll

Illustrated notes

Levels and vault maps discovered:
D:1:      kennysheep_arrival_forest, layout_loops_corners,
          dilly_ecumenical_altar_fadedgnrine, serial_shops,
          nicolae_shop_statue_plus, serial_bayou, serial_bayou_shore_a,
          serial_bayou_pond_e, serial_bayou_pond_b, serial_bayou_pond_e,
          serial_bayou_pond_e, serial_bayou_shore_b
D:2:      layout_rooms, minmay_divided_ellipse

Skill      XL: |  1  2  3 |
---------------+----------+-----
Transmutations | 2 |  2.5
Unarmed Combat | 3 |  3.3
Dodging        | 2 |  2.0
Spellcasting   | 2 |  2.0
Fighting       | 1 |  1.0
Short Blades   | |  0.2
Stealth        | |  0.1

Action                   || total
-------------------------++-------
Melee: Unarmed           ||    15
       Kick              ||     8
       Dagger            ||    63
       Headbutt          ||     5
       Punch             ||     1
 Cast: Beastly Appendage ||    20
 Stab: Sleeping          ||     1
Armor: Robe              ||     9
Dodge: Dodged            ||    48
